 Dungeon Crawl Stone Soup version 0.23.1-37-gaa34b87 (webtiles) character file.

Game seed: 1516243165284291833

1660 Fang the Skirmisher (level 9, -10/56 HPs)
             Began as a Gargoyle Berserker on Mar 22, 2019.
             Was a Priest of Trog.
             Mangled by an ogre
             ... wielding a +0 giant spiked club
              (27 damage)
             ... on level 6 of the Dungeon.
             The game lasted 00:04:26 (6601 turns).

Fang the Skirmisher (Gargoyle Berserker)            Turns: 6601, Time: 00:04:27

Health: -10/56     AC: 12    Str: 24    XL:     9   Next: 0%
Magic:  9/9        EV: 13    Int:  8    God:    Trog [***...]
Gold:   329        SH:  0    Dex:  9    Spells: 8/8 levels left

rFire    x . .     SeeInvis .   a - +0 hand axe
rCold    + . .     Gourm    .   (no shield)
rNeg     + . .     Faith    .   b - +0 animal skin
rPois    ∞         Spirit   .   (no helmet)
rElec    +         Reflect  .   (no cloak)
rCorr    .         Harm     .   r - +2 pair of gloves {archery}
MR       .....                  (no boots)
Stlth    +.........             (no amulet)
HPRegen  0.18/turn              f - ring of ice
MPRegen  0.11/turn              (no ring)

@: no status effects
A: negative energy resistance 1, electricity resistance, unbreathing,
petrification resistance, rot immunity, AC +6
a: Berserk, Trog's Hand, Renounce Religion


You were on level 6 of the Dungeon.
You worshipped Trog.
Trog was most pleased with you.
You were not hungry.

You visited 2 branches of the dungeon, and saw 7 of its levels.

You collected 329 gold pieces.

Inventory:

Hand Weapons
 a - a +0 hand axe (weapon)
Armour
 b - a +0 animal skin (worn)
 r - a +2 pair of gloves of archery (worn)
Jewellery
 f - a ring of ice (left hand)
 s - an uncursed ring of flight {unknown}
 v - an uncursed ring of protection from magic {unknown}
Wands
 t - a wand of disintegration (18)
 x - a wand of iceblast (2)
Scrolls
 d - 7 scrolls of identify {unknown}
 h - 4 scrolls of teleportation {unknown}
 k - 2 scrolls of remove curse {unknown}
 n - 4 scrolls of magic mapping {unknown}
 o - 7 scrolls of enchant weapon {unknown}
 p - a scroll of random uselessness {unknown}
 u - a scroll of immolation {unknown}
 w - a scroll of enchant armour {unknown}
 y - a scroll of noise {unknown}
Potions
 e - a potion of berserk rage {unknown}
 g - 4 potions of curing {unknown}
 i - 4 potions of lignification {unknown}
 j - a potion of might {unknown}
 l - a potion of cancellation {unknown}
 m - a potion of mutation {unknown}
 q - a potion of brilliance {unknown}
Comestibles
 c - 9 rations
 z - 9 chunks of flesh


   Skills:
 + Level 6.9 Fighting
 + Level 5.7 Axes
 + Level 6.3 Armour
 + Level 4.8 Dodging


You had 8 spell levels left.
You didn't know any spells.
Your spell library was empty.

Dungeon Overview and Level Annotations

Branches:
Dungeon (6/15)             Temple (1/1) D:5

Altars:
Nemelex Xobeh
Okawaru
Ru
Wu Jian
Xom

Shops:
D:4 [


Innate Abilities, Weirdness & Mutations

You are resistant to torment.
Your stone body is resilient. (AC +6)
You are immune to poison.
You resist negative energy. (rN+)
You are resistant to electric shocks. (rElec)
You can survive without breathing.
You are immune to petrification.
You are immune to rotting.


Message History

You hit the ogre.
The ogre is moderately wounded.
The ogre barely misses you.
You hit the ogre.
The ogre is moderately wounded.
You hit the ogre.
The ogre is heavily wounded.
The ogre hits you with a +0 giant spiked club!!
You are too injured to fight recklessly!
You are too injured to fight recklessly!
You are too injured to fight recklessly!
You are too injured to fight recklessly!
You are too injured to fight recklessly!
You are too injured to fight recklessly!
You are too injured to fight recklessly!
You are too injured to fight recklessly!
You barely miss the ogre.
The ogre is heavily wounded.
The ogre hits you with a +0 giant spiked club!!
You die...

#.........###########
.#####...#..............#
....#.....#..##########.#
#.)........# ####.#
#.#.)..>#.## #....#
#.##...##'## #.#### ..
##.##...## ##### ###
###.....###..#
#.......#@#
#.........#O.# #######
+........#..#..# #......
#........##...#...
#####.. ##.......# ####
## ##.. ##.....## #...
##...## #... ##+# #...
##..


You could see an ogre.

Vanquished Creatures
  Sigmund (D:3)
  2 sky beasts
  An ice beast (D:5)
  A phantom (D:5)
  5 ogres
  A crocodile (D:6)
  2 centaurs
  A bullfrog (D:5)
  A howler monkey (D:4)
  A hound (D:4)
  2 worker ants
  A hound skeleton (D:4)
  7 gnolls
  7 adders
  2 shadow imps (D:5)
  An ooze (D:2)
  An adder skeleton (D:5)
  5 worms
  2 dart slugs
  3 leopard geckos
  5 orcs
  6 giant cockroaches
  7 goblins
  5 hobgoblins
  6 jackals (D:5)
  6 quokkas
  4 ball pythons
  9 bats
  9 frilled lizards
  9 kobolds
  A quokka skeleton (D:4)
  6 rats
120 creatures vanquished.

Notes
Turn   | Place    | Note
-------+----------+-------------------------------------------
     0 | D:1      | Fang the Gargoyle Berserker began the quest for the Orb.
     0 | D:1      | Reached XP level 1. HP: 14/14 MP: 1/1
     5 | D:1      | You fall through a shaft!
    14 | D:2      | Reached XP level 2. HP: 19/19 MP: 2/2
   408 | D:2      | Found a sparkling altar of Nemelex Xobeh.
   426 | D:2      | You fall through a shaft for 2 floors!
   426 | D:4      | Noticed an ogre
   428 | D:4      | Reached XP level 3. HP: 23/23 MP: 3/3
   439 | D:4      | Killed an ogre
   439 | D:4      | Reached XP level 4. HP: 13/29 MP: 4/4
   667 | D:4      | Found a sacrificial altar of Ru.
   667 | D:4      | Found a shimmering altar of Xom.
   667 | D:4      | Found an ornate altar of the Wu Jian Council.
   673 | D:4      | Noticed an ogre
   681 | D:4      | Killed an ogre
   681 | D:4      | Reached XP level 5. HP: 34/34 MP: 5/5
   751 | D:4      | Reached XP level 6. HP: 39/39 MP: 6/6
   943 | D:4      | Found Cixzirorr's Armour Shop.
  1727 | D:3      | Found an iron altar of Okawaru.
  1732 | D:3      | Reached ** piety under Trog
  2149 | D:3      | Noticed Sigmund
  2162 | D:3      | Killed Sigmund
  2162 | D:3      | Reached skill level 5 in Fighting
  2162 | D:3      | Reached XP level 7. HP: 17/44 MP: 7/7
  3031 | D:2      | Reached *** piety under Trog
  4261 | D:5      | Entered Level 5 of the Dungeon
  4322 | D:5      | Reached skill level 5 in Armour
  4327 | D:5      | Reached XP level 8. HP: 25/51 MP: 8/8
  4587 | D:5      | Reached skill level 5 in Axes
  4977 | D:5      | Found a staircase to the Ecumenical Temple.
  4996 | Temple   | Entered the Ecumenical Temple
  6514 | D:6      | Reached XP level 9. HP: 26/56 MP: 9/9
  6601 | D:6      | Mangled by an ogre

Skill      XL: |  1  2  3  4  5  6  7  8 |
---------------+-------------------------+-----
Axes           | 3 4 5 |  5.7
Dodging        | 2 3 4 |  4.8
Fighting       | 4 5 6 |  6.9
Armour         | 3 4 5 6 |  6.3

Action                   |  1- 3 |  4- 6 |  7- 9 || total
-------------------------+-------+-------+-------++-------
Melee: Hand axe          |    34 |   159 |   412 ||   605
Invok: Berserk           |     3 |     3 |     3 ||     9
  Eat: Ration            |       |     1 |     1 ||     2
       Chunk             |       |     5 |    16 ||    21
Armor: Animal skin       |    10 |    56 |   179 ||   245
Dodge: Dodged            |    17 |    96 |   271 ||   384
